 Dungeon Crawl Stone Soup version 0.26-a0-1060-g086102a3f0 (webtiles) character file.

Game seed: 15310287462367376428

144 stormannn the Conjurer (level 5, -2/28 HPs)
             Began as a Deep Elf Conjurer on Dec 13, 2020.
             Was an Initiate of Vehumet.
             Splashed by Ijyb's acid (13 damage)
             ... on level 3 of the Dungeon.
             The game lasted 00:04:53 (2901 turns).

stormannn the Conjurer (Deep Elf Conjurer)          Turns: 2901, Time: 00:04:54

Health: -2/28      AC:  2    Str:  4    XL:     5   Next: 5%
Magic:  10/13      EV: 14    Int: 24    God:    Vehumet [......]
Gold:   115        SH:  0    Dex: 13    Spells: 11/12 levels left

rFire    . . .     SeeInvis +   q - +1 short sword (protect)
rCold    . . .     Faith    .   (no shield)
rNeg     + . .     Spirit   .   n - +1 robe {rN+}
rPois    .         Reflect  .   g - +0 helmet
rElec    .         Harm     .   (no cloak)
rCorr    .         Rampage  .   l - +0 pair of gloves
Will     .....                  b - +0 pair of boots
Stlth    ++........             (no amulet)
HPRegen  0.09/turn              p - ring of see invisible
MPRegen  0.13/turn              (no ring)

@: corroded
A: no striking features
a: Renounce Religion


You were on level 3 of the Dungeon.
You worshipped Vehumet.
Vehumet was noncommittal.
You visited 1 branch of the dungeon, and saw 3 of its levels.

You collected 115 gold pieces.

Inventory:

Hand Weapons
 e - a +0 short sword
 q - a +1 short sword of protection (weapon)
Armour
 b - a +0 pair of boots (worn)
 g - a +0 helmet (worn)
 l - a +0 pair of gloves (worn)
 n - a +1 robe of positive energy (worn)
Jewellery
 p - a ring of see invisible (left hand)
Wands
 r - a wand of enslavement (11)
Scrolls
 a - a scroll of enchant weapon {unknown}
 c - 4 scrolls of identify {unknown}
 d - 6 scrolls of teleportation {unknown}
 h - 2 scrolls of blinking {unknown}
 j - 3 scrolls of remove curse {unknown}
 m - a scroll of fear {unknown}
 o - a scroll of immolation {unknown}
Potions
 f - 4 potions of curing {unknown}
 i - a potion of brilliance {unknown}
 k - 2 potions of degeneration {unknown}


   Skills:
 + Level 3.8 Dodging
 + Level 3.9 Stealth
 + Level 4.3 Spellcasting
 + Level 5.2 Conjurations


You had 11 spell levels left.
You knew the following spells:

 Your Spells              Type           Power        Failure   Level
a - Magic Dart            Conj           ####         1%          1

Your spell library contained the following spells:

 Spells                   Type           Power        Failure   Level
 Searing Ray              Conj           ####..       1%          2
 Dazzling Flash           Conj/Hex       ###...       10%         3
 Fulminant Prism          Conj/Hex       ###.......   32%         4
 Iskenderun's Mystic Bla  Conj/Tloc      ###.....     32%         4


Dungeon Overview and Level Annotations

Branches:
Dungeon (3/15)

Altars:
Makhleb
Vehumet
Wu Jian

Annotations:
D:3 Ijyb


Message History

You kill the bat!
Vehumet accepts your kill.
Casting: Magic Dart (safe; 1% risk of failure)
Confirm with . or Enter, or press ? or * to list all spells.
Aiming: Magic Dart (safe; 1% risk of failure)
Press: ? - help, Shift-Dir - straight line, f - Ijyb
Aim: Ijyb, wielding a +0 dagger of freezing, wearing a +0 leather armour and carrying a wand of acid (11) (0% to evade)
The magic dart hits Ijyb.
Ijyb is lightly wounded.
Casting: Magic Dart (safe; 1% risk of failure)
Confirm with . or Enter, or press ? or * to list all spells.
Aiming: Magic Dart (safe; 1% risk of failure)
Press: ? - help, Shift-Dir - straight line, f/p - Ijyb
Aim: Ijyb, wielding a +0 dagger of freezing, wearing a +0 leather armour and carrying a wand of acid (11) (lightly wounded, 0% to evade)
The magic dart hits Ijyb.
Ijyb is lightly wounded.
Ijyb zaps a wand.
The bolt of acid hits you!
Ouch! That really hurt!
The acid corrodes you!
You are splashed with acid!
You die...

..# .. ..# ..# #.. .. #g#..
##.#. .†. #.# .##.##@######
.............#
+###.##.####.######
#.##(..........#
#.##.......###.#
#.##.......# #.# #
#.##.......# #.#
#.###.##.......# #.#
###...........#..###.#.####


You could see Ijyb.

Vanquished Creatures
  A crimson imp (D:3)
  4 adders
  2 worms
  2 dart slugs
  A leopard gecko (D:2)
  4 orcs (D:3)
  2 giant cockroaches (D:1)
  6 hobgoblins
  2 jackals (D:1)
  A quokka (D:3)
  8 bats
  5 frilled lizards
  8 goblins
  8 kobolds
  5 rats
59 creatures vanquished.

Vanquished Creatures (others)
  4 toadstools (D:1)
4 creatures vanquished.

Grand Total: 63 creatures vanquished

Notes
Turn   | Place    | Note
-------+----------+-------------------------------------------
     0 | D:1      | stormannn the Deep Elf Conjurer began the quest for the
                  | Orb.
     0 | D:1      | Reached XP level 1. HP: 10/10 MP: 6/6
   196 | D:1      | Reached XP level 2. HP: 15/15 MP: 4/8
  1071 | D:2      | Reached XP level 3. HP: 19/19 MP: 2/10
  1728 | D:2      | Reached XP level 4. HP: 24/24 MP: 6/11
  2215 | D:3      | Found a burning altar of Makhleb.
  2221 | D:3      | Reached skill level 5 in Conjurations
  2270 | D:3      | Found a radiant altar of Vehumet.
  2276 | D:3      | Became a worshipper of Vehumet
  2368 | D:3      | Found an ornate altar of the Wu Jian Council.
  2626 | D:3      | Reached XP level 5. HP: 28/28 MP: 8/13
  2898 | D:3      | Noticed Ijyb
  2901 | D:3      | Splashed by Ijyb's acid

Illustrated notes

Levels and vault maps discovered:
D:1:      ldierk_walled_garden_2, layout_loops_cross
D:2:      layout_loops_ring, minmay_misc_feat_doors
D:3:      layout_basic, grunt_temple_overflow_lords_of_destruction,
          old_standard_altar, uniq_ijyb

Skill      XL: |  1  2  3  4 |
---------------+-------------+-----
Stealth        | 3 |  3.9
Dodging        | 3 |  3.8
Spellcasting   | 4 |  4.3
Conjurations   | 5 |  5.2

Action                   |  1- 3 |  4- 6 || total
-------------------------+-------+-------++-------
Melee: Unarmed           |     1 |       ||     1
 Cast: Magic Dart        |    77 |    49 ||   126
Armor: Robe              |     3 |       ||     3
Dodge: Dodged            |    13 |     3 ||    16

Table legend: (Time is in decaauts)
 A = Elapsed time spent in this place.
 B = Non-inter-level travel time spent in this place.
 C = Inter-level travel time spent in this place.
 D = Time resting spent in this place.
 E = Time spent auto-exploring this place.
 F = Levels seen in this place.
 G = Mean time per level.
                   A        B        C        D        E       F      G
               +--------+--------+--------+--------+--------+-----+--------+
         Total |   2900 |   2843 |     57 |    892 |   1614 |   3 |  966.7 |
       Dungeon |   2900 |   2843 |     57 |    892 |   1614 |   3 |  966.7 |
               +--------+--------+--------+--------+--------+-----+--------+

Top non-repeatable levels by time:
     D:1: 1028 daAuts
     D:3: 943 daAuts
     D:2: 927 daAuts
